 Dungeon Crawl Stone Soup version 0.23.2-33-g5129a83184 (webtiles) character file.

Game seed: 8234355907438962062

210 varam the Firebug (level 5, 0/31 HPs)
             Began as an Octopode Fire Elementalist on July 1, 2019.
             Was a Follower of Qazlal.
             Succumbed to an adder's poison
             ... on level 2 of the Dungeon.
             The game lasted 00:14:02 (3680 turns).

varam the Firebug (Octopode Fire Elementalist)      Turns: 3680, Time: 00:14:03

Health: 0/31       AC:  1    Str:  8    XL:     5   Next: 87%
Magic:  6/8        EV: 14    Int: 18    God:    Qazlal [*.....]
Gold:   117        SH:  1    Dex: 12    Spells: 8/9 levels left

rFire    . . .     SeeInvis .   o - +1 short sword (venom)
rCold    . . .     Gourm    .   (no shield)
rNeg     . . .     Faith    .   (helmet restricted)
rPois    .         Spirit   .   h - amulet of inaccuracy (curse)
rElec    .         Reflect  .   g - ring of flight
rCorr    .         Harm     .   (no ring)
MR       .....                  (no ring)
Stlth    +++.......             (no ring)
HPRegen  0.10/turn              (no ring)
MPRegen  0.11/turn              (no ring)
                                (no ring)
                                (no ring)

@: lethally poisoned (0 -> -8)
A: almost no armour, stealthy swim, amphibious, 8 rings, constrict 8, camouflage
1, gelatinous body 1
a: Renounce Religion, Evoke Flight


You were on level 2 of the Dungeon.
You worshipped Qazlal.
Qazlal was aware of your devotion.
You were very hungry.

You visited 1 branch of the dungeon, and saw 5 of its levels.

You collected 117 gold pieces.

Inventory:

Hand Weapons
 o - a +1 short sword of venom (weapon)
Missiles
 q - 2 throwing nets (quivered)
Jewellery
 g - a ring of flight (left tentacle)
 h - a cursed amulet of inaccuracy (around mantle)
Scrolls
 c - 3 scrolls of teleportation {unknown}
 d - a scroll of magic mapping {unknown}
 e - 2 scrolls of identify {unknown}
 f - a scroll of random uselessness {unknown}
 i - 2 scrolls of amnesia {unknown}
 j - a scroll of enchant weapon {unknown}
 k - a scroll of fog {unknown}
Potions
 a - a potion of haste
 l - a potion of berserk rage {unknown}
 m - a potion of heal wounds {unknown}
 n - a potion of curing
 p - a potion of degeneration {unknown}
Comestibles
 b - 3 rations
 r - a chunk of flesh


   Skills:
 + Level 3.2 Dodging
 - Level 3.7 Stealth
 - Level 2.5 Spellcasting
 + Level 2.5 Conjurations
 * Level 4.4 Fire Magic


You had 8 spell levels left.
You knew the following spells:

 Your Spells              Type           Power        Failure   Level  Hunger
a - Flame Tongue          Conj/Fire      ##...        4%          1    #......

Your spell library contained the following spells:

 Spells                   Type           Power        Failure   Level  Hunger
 Throw Flame              Conj/Fire      ##....       6%          2    ##.....
 Conjure Flame            Conj/Fire      ##......     12%         3    ###....
 Inner Flame              Hex/Fire       ##......     21%         3    ###....
 Sticky Flame             Conj/Fire      ##......     38%         4    #####..
 Fireball                 Conj/Fire      ##........   75%         5    ######.


Dungeon Overview and Level Annotations

Branches:
Dungeon (5/15)
 Temple: D:4-7

Altars:
Ashenzari
Qazlal

Shops:
D:4 ?

Annotations:
D:2 Sigmund


Innate Abilities, Weirdness & Mutations

You cannot wear most types of armour.
You are very stealthy in the water. (Stealth+)
You are amphibious.
You can wear up to eight rings at the same time.
You can use your tentacles to constrict eight enemies at once.
Your skin changes colour to match your surroundings (Stealth+).
Your rubbery body absorbs attacks. (AC +1, EV +1)


Message History

You barely miss the adder. You grab the adder. You squeeze the adder.
The adder is heavily wounded.
You constrict the adder.
You are feeling very hungry.
The adder closely misses you. The adder bites you.
* * * LOW HITPOINT WARNING * * *
You are poisoned.
The adder poisons you!
The frilled lizard unfolds its giant frill.
You release your grip on the adder.
You feel sick.
You feel sick. The adder bites you.
* * * LOW HITPOINT WARNING * * *
You are more poisoned.
The adder poisons you!
* * * LOW HITPOINT WARNING * * *
You feel sick.
You barely miss the adder. Your grab misses the adder.
The adder is severely wounded.
You die...

##.......## ... #.........#
..##. #.........# ##.#...
#.........# ####.....# #
#.........#########.......##..
#......รท.......g.............
.
#...........#...l.....#.....#..
#.........#..S#######.##.##....
#...........#.@.# #.l........
#..........####..# ###..##...
#..........# #...####.##
##.........# #.........#
##.....#.## #.........#
#######.## #.........# #..#
#.......... ##.####.........#
#...##......>..#


You could see an adder.

Vanquished Creatures
  A bullfrog skeleton (D:4)
  An iguana (D:5)
  2 worker ants (D:4)
  5 adders
  5 worms
  2 dart slugs (D:2)
  2 leopard geckos
  4 orcs (D:3)
  4 bats
  A giant cockroach (D:4)
  4 goblins
  3 hobgoblins
  2 jackals (D:2)
  A quokka (D:3)
  A ball python (D:1)
  4 frilled lizards
  3 kobolds
  4 rats
49 creatures vanquished.

Notes
Turn   | Place    | Note
-------+----------+-------------------------------------------
     0 | D:1      | varam the Octopode Fire Elementalist began the quest for
                  | the Orb.
     0 | D:1      | Reached XP level 1. HP: 11/11 MP: 3/3
   707 | D:2      | Noticed Sigmund
   708 | D:2      | Reached XP level 2. HP: 17/17 MP: 3/5
   760 | D:2      | Reached skill level 3 in Stealth
  1118 | D:3      | Noticed a phantom
  1136 | D:3      | Reached XP level 3. HP: 21/21 MP: 2/6
  1221 | D:3      | Found a stormy altar of Qazlal.
  1241 | D:3      | Became a worshipper of Qazlal Stormbringer
  1739 | D:3      | Reached XP level 4. HP: 27/27 MP: 7/7
  2551 | D:4      | Reached skill level 2 in Conjurations
  2642 | D:4      | Found Leled's Magic Scroll Shop.
  2664 | D:4      | Reached XP level 5. HP: 23/31 MP: 3/8
  2689 | D:4      | HP: 1/31 [worker ant (7)]
  2691 | D:4      | Reached skill level 3 in Dodging
  2691 | D:4      | Reached skill level 4 in Fire Magic
  2729 | D:4      | HP: 3/31 [poisoned by a worker ant]
  3058 | D:5      | Entered Level 5 of the Dungeon
  3344 | D:4      | Found a shattered altar of Ashenzari.
  3666 | D:2      | Reached * piety under Qazlal
  3678 | D:2      | HP: 2/31 [adder (4)]
  3680 | D:2      | Succumbed to an adder's poison

Skill      XL: |  1  2  3  4  5 |
---------------+----------------+-----
Stealth        | 3 |  3.7
Conjurations   | 2 |  2.5
Dodging        | 3 |  3.2
Fire Magic     | 4 |  4.4
Spellcasting   | |  2.5

Action                   |  1- 3 |  4- 6 || total
-------------------------+-------+-------++-------
Melee: Unarmed           |    20 |    25 ||    45
       Constrict         |     6 |    18 ||    24
       Tentacles         |     2 |     9 ||    11
       Short sword       |       |    27 ||    27
 Cast: Flame Tongue      |    41 |    47 ||    88
  Use: Potion            |     1 |     4 ||     5
 Stab: Sleeping          |     1 |     5 ||     6
       Distracted        |     1 |       ||     1
  Eat: Chunk             |     3 |     5 ||     8
Armor: Skin              |     1 |     7 ||     8
Dodge: Dodged            |    32 |    61 ||    93
